 Dungeon Crawl Stone Soup version 0.20.1-1-g8b1a95d66d (webtiles) character file.

880 hairybawbag the Covered (level 8, -7/60 HPs)
             Began as a Human Fighter on Nov 24, 2017.
             Was an Initiate of Fedhas.
             Mangled by a gnoll sergeant
             ... wielding a +0 spear of venom
              (8 damage)
             ... on level 4 of the Dungeon.
             The game lasted 00:14:19 (3001 turns).

hairybawbag the Covered (Human Fighter)             Turns: 3001, Time: 00:14:20

Health: -7/60      AC:  8    Str: 17    XL:     8   Next: 25%
Magic:  8/8        EV:  8    Int: 10    God:    Fedhas [......]
Gold:   179        SH:  9    Dex: 13    Spells: 7/7 levels left

rFire    . . .     SeeInvis .   s - +4 hand axe (elec)
rCold    . . .     Gourm    .   c - +0 shield
rNeg     . . .     Faith    .   b - +1 scale mail
rPois    .         Spirit   .   (no helmet)
rElec    .         Reflect  .   (no cloak)
rCorr    .         Harm     .   (no gloves)
MR       +....                  (no boots)
Stlth    ..........             (no amulet)
Regen    0.2/turn               g - ring of protection from magic
MPRegen  0.2/turn               (no ring)

@: lethally poisoned (-7 -> -46)
A: no striking features
a: Fungal Bloom, Renounce Religion


You were on level 4 of the Dungeon.
You worshipped Fedhas.
Fedhas was noncommittal.
You were not hungry.

You visited 1 branch of the dungeon, and saw 4 of its levels.

You collected 179 gold pieces.

Inventory:

Hand Weapons
 a - a +0 long sword
 e - a +0 club
 i - a +0 hand axe
 k - a +0 short sword
 q - a +0 short sword
 s - a +4 hand axe of electrocution (weapon)
 t - a +0 flail
 u - a +0 mace
 x - a +0 rapier
Missiles
 j - 55 arrows
Armour
 b - a +1 scale mail (worn)
 c - a +0 shield (worn)
 d - a +0 plate armour
 n - a +0 leather armour
 v - a +0 scale mail
 w - a +0 shield
 z - a +0 pair of gloves
Jewellery
 g - a ring of protection from magic (left hand)
 p - an uncursed ring of fire
 y - an uncursed ring of flight {unknown}
 C - an uncursed ring of fire
Scrolls
 o - 2 scrolls of teleportation
 A - a scroll of amnesia {unknown}
Potions
 h - 2 potions of flight {unknown}
 l - a potion of curing {unknown}
 B - a potion of agility {unknown}
Comestibles
 f - a bread ration
 m - 2 royal jellies
 r - 2 fruits


   Skills:
 + Level 4.1 Fighting
 + Level 4.2 Long Blades
 + Level 4.2 Axes
 + Level 4.9 Armour
 + Level 1.6 Dodging
 + Level 1.3 Stealth
 + Level 4.6 Shields


You had 7 spell levels left.
You didn't know any spells.

Dungeon Overview and Level Annotations

Branches:
Dungeon (4/15)
 Temple: D:4-7

Altars:
Fedhas
Sif Muna
Vehumet


Message History

You barely miss the worker ant.
The worker ant is heavily wounded.
* * * LOW HITPOINT WARNING * * *
You feel very sick. The gnoll hits you but does no damage.
The worker ant barely misses you.
The gnoll sergeant hits you from afar with a spear of venom.
* * * LOW HITPOINT WARNING * * *
You are more poisoned.
You hit the worker ant.
The worker ant is almost dead.
* * * LOW HITPOINT WARNING * * *
You feel very sick. The worker ant bites you.
* * * LOW HITPOINT WARNING * * *
You block the gnoll's attack. You block the gnoll sergeant's attack.
The worker ant bites you but does no damage.
The gnoll closely misses you.
The gnoll sergeant hits you from afar with a spear of venom!
You die...
Fedhas appreciates your contribution to the ecosystem.

.# #... ..#... .#..##
# .... . # #g.#
.###.# #..# .....
#.g########..########
#gga@............ ...
#.....#######........
.. ........#
#.#....## ..
#######.# #.#....# #.
... #.#...... #.
....# #.#.#..#####.
.... .. #.# .........
....)
#.##.###..###.>.
#.........##....


You could see a gnoll sergeant, a worker ant and 2 gnolls.

Vanquished Creatures
  The ghost of nullius the Basher, a novice FoAK of Lugonu (D:4)
  Grinder (D:3)
  An ogre (D:4)
  A crimson imp (D:4)
  An orc priest (D:3)
  An iguana (D:4)
  A gnoll (D:4)
  An adder (D:2)
  6 worms
  5 dart slugs
  2 leopard geckos (D:1)
  5 orcs (D:3)
  2 ball pythons
  10 bats
  3 giant cockroaches
  4 hobgoblins
  4 jackals (D:2)
  2 frilled lizards
  6 goblins
  7 kobolds
  10 rats
74 creatures vanquished.

Vanquished Creatures (others)
  A goblin (D:3)
  A kobold (D:3)
2 creatures vanquished.

Grand Total: 76 creatures vanquished

Notes
Turn   | Place    | Note
-------+----------+-------------------------------------------
     0 | D:1      | hairybawbag the Human Fighter began the quest for the Orb.
     0 | D:1      | Reached XP level 1. HP: 18/18 MP: 1/1
   131 | D:1      | Reached XP level 2. HP: 1/24 MP: 2/2
   132 | D:1      | HP: 1/24 [bat (1)]
   391 | D:1      | Reached XP level 3. HP: 9/29 MP: 3/3
   938 | D:2      | Found a blossoming altar of Fedhas.
   941 | D:2      | Found a deep blue altar of Sif Muna.
   944 | D:2      | Reached XP level 4. HP: 35/35 MP: 4/4
   994 | D:2      | Reached skill level 1 in Dodging
  1615 | D:2      | Became a worshipper of Fedhas Madash
  1680 | D:3      | Reached XP level 5. HP: 12/41 MP: 5/5
  1895 | D:3      | Noticed Grinder
  1901 | D:3      | Paralysed by Grinder for 5 turns
  1912 | D:3      | Paralysed by Grinder for 6 turns
  1923 | D:3      | Paralysed by Grinder for 5 turns
  1953 | D:3      | Paralysed by Grinder for 5 turns
  1988 | D:3      | Killed Grinder
  1988 | D:3      | Reached skill level 1 in Axes
  1988 | D:3      | Reached XP level 6. HP: 14/47 MP: 6/6
  2005 | D:3      | Found a radiant altar of Vehumet.
  2904 | D:4      | Noticed nullius's ghost (novice FoAK)
  2912 | D:4      | Killed nullius's ghost
  2912 | D:4      | Reached skill level 1 in Stealth
  2912 | D:4      | Reached XP level 7. HP: 41/54 MP: 7/7
  2912 | D:4      | Reached XP level 8. HP: 46/60 MP: 8/8
  3001 | D:4      | HP: 3/60 [poisoned by a gnoll sergeant]
  3001 | D:4      | HP: 1/60 [worker ant (2)]
  3001 | D:4      | Mangled by a gnoll sergeant

Skill      XL: |  1  2  3  4  5  6  7  8 |
---------------+-------------------------+-----
Dodging        | 1 |  1.6
Long Blades    | 3 4 |  4.2
Shields        | 4 |  4.6
Axes           | 1 3 4 |  4.2
Armour         | 4 |  4.9
Fighting       | 4 |  4.1
Stealth        | 1 |  1.3

Action                   |  1- 3 |  4- 6 |  7- 9 || total
-------------------------+-------+-------+-------++-------
Melee: Long sword        |    98 |    45 |       ||   143
       Hand axe          |       |    39 |    15 ||    54
  Use: Scroll            |     1 |     6 |     1 ||     8
       Potion            |       |     1 |       ||     1
  Eat: Chunk             |       |     2 |       ||     2
       Fruit             |       |     4 |       ||     4
       Bread ration      |       |     1 |       ||     1
Armor: Scale mail        |   115 |    32 |     7 ||   154
Dodge: Dodged            |    87 |    27 |     8 ||   122
Block: Shield            |   112 |    27 |    11 ||   150
       Rpst.: Long sword |    25 |     6 |       ||    31
